 Dungeon Crawl Stone Soup version 0.23.1 (webtiles) character file.

Game seed: 619751818528444020

11975 Lanoc the Covert (level 11, -4/61 HPs)
             Began as an Octopode Enchanter on Mar 1, 2019.
             Was an Elder of Nemelex Xobeh.
             Killed from afar by Fannar (39 damage)
             ... with a bolt of cold
             ... on level 10 of the Dungeon.
             The game lasted 00:44:51 (13296 turns).

Lanoc the Covert (Octopode Enchanter)              Turns: 13296, Time: 00:44:52

Health: -4/61      AC:  2    Str:  8    XL:     11   Next: 86%
Magic:  20/20      EV: 20    Int: 19    God:    Nemelex Xobeh [****..]
Gold:   226        SH:  0    Dex: 14    Spells: 14/22 levels left

rFire    + + .     SeeInvis .   f - +0 dagger (holy)
rCold    . . .     Gourm    .   (no shield)
rNeg     + . .     Faith    .   x - +1 hat
rPois    .         Spirit   .   (no amulet)
rElec    .         Reflect  .   h - ring of protection from fire
rCorr    .         Harm     .   y - ring of positive energy
MR       .....                  C - +1 ring of evasion
Stlth    ++++++....             F - ring of protection from fire
HPRegen  0.20/turn              (no ring)
MPRegen  0.17/turn              (no ring)
                                (no ring)
                                (no ring)

@: no status effects
A: almost no armour, stealthy swim, amphibious, 8 rings, constrict 8, antennae
1, tentacle spike 1, repulsion field 1, camouflage 1, gelatinous body 1
a: Draw Escape, Draw Destruction, Draw Summoning, Triple Draw, Deal Four,
Renounce Religion


You were on level 10 of the Dungeon.
You worshipped Nemelex Xobeh.
Nemelex Xobeh was greatly pleased with you.
You were not hungry.

You visited 1 branch of the dungeon, and saw 10 of its levels.
You also visited: Sewer and Ossuary.

You collected 559 gold pieces.
You spent 333 gold pieces at shops.

Inventory:

Hand Weapons
 f - a +0 dagger of holy wrath (weapon)
 l - a +3 rapier of venom
Armour
 x - a +1 hat (worn)
Jewellery
 h - a ring of protection from fire (left tentacle)
 m - an uncursed ring of fire
 y - a ring of positive energy (right tentacle)
 C - a +1 ring of evasion (on tentacle)
 F - a ring of protection from fire (on tentacle)
Wands
 a - a wand of polymorph (1)
 w - a wand of flame (11)
Scrolls
 b - 2 scrolls of magic mapping
 e - a scroll of amnesia
 i - a scroll of fog
 j - a scroll of teleportation
 k - 6 scrolls of enchant armour
 o - a scroll of holy word {unknown}
 p - a scroll of enchant weapon
 t - a scroll of blinking
 A - 5 scrolls of remove curse
 D - a scroll of vulnerability {unknown}
 E - a scroll of identify
 G - a scroll of fear
Potions
 d - 2 potions of brilliance
 g - 2 potions of heal wounds
 n - a potion of magic
 q - a potion of mutation
 s - 2 potions of flight
 u - 10 potions of curing
 v - 2 potions of cancellation
 z - 2 potions of lignification
 B - a potion of haste
Comestibles
 c - 18 rations
 r - 5 chunks of flesh


   Skills:
 * Level 8.9 Short Blades
 + Level 6.5 Dodging
 * Level 12.8 Stealth
 + Level 6.0 Spellcasting
 * Level 9.4 Hexes
 + Level 6.3 Invocations


You had 14 spell levels left.
You knew the following spells:

 Your Spells              Type           Power        Failure   Level  Hunger
b - Ensorcelled Hibernat  Hex/Ice        ###...       2%          2    None
c - Tukima's Dance        Hex            #####...     1%          3    ##.....
d - Dazzling Spray        Conj/Hex       ###...       4%          3    ##.....

Your spell library contained the following spells:

 Spells                   Type           Power        Failure   Level  Hunger
 Corona                   Hex            #####..      1%          1    None
 Slow                     Hex            #####...     1%          2    None
 Confuse                  Hex            #####...     1%          3    ##.....
 Magic Dart               Conj           #...         11%         1    None
 Blink                    Tloc           N/A          17%         2    None
 Call Imp                 Summ           #.......     17%         2    None
 Conjure Flame            Conj/Fire      #.......     32%         3    ##.....
 Mephitic Cloud           Conj/Pois/Air  #.......     32%         3    ##.....
 Bolt of Magma            Conj/Fire/Erth #.........   97%         5    #####..
 Iskenderun's Battlesphe  Conj/Chrm      #.......     97%         5    #####..
 Venom Bolt               Conj/Pois      #.........   97%         5    #####..
 Iron Shot                Conj/Erth      #.........   100%        6    #######
 Orb of Destruction       Conj           #.........   100%        7    #######
 Spellforged Servitor     Conj/Summ      #.........   100%        7    #######


Dungeon Overview and Level Annotations

Branches:
Dungeon (10/15)            Temple (0/1) D:5
   Lair: D:8-11         Orc: D:9-12

Altars:
Gozag
Nemelex Xobeh
Qazlal
Beogh

Shops:
D:5 =   D:6 =   D:7 =!*

Annotations:
D:7 1 runed translucent door, Folque's ghost, novice DEAE
D:10 Fannar


Innate Abilities, Weirdness & Mutations

You cannot wear most types of armour.
You are very stealthy in the water. (Stealth+)
You are amphibious.
You can wear up to eight rings at the same time.
You can use your tentacles to constrict eight enemies at once.
Your skin changes colour to match your surroundings (Stealth+).
Your rubbery body absorbs attacks. (AC +1, EV +1)
You have a pair of small antennae on your head.
One of your tentacles bears a spike.
You are surrounded by a mild repulsion field. (EV +2)


Message History

You feel a surge of magic.
Fannar is no longer encased in ice.
You draw a card...
You have drawn the Storm.
A fierce wind blows from the card.
Fannar is blown away by the wind.
You hear mighty peals of thunder!
Fannar casts a spell.
Fannar drains the heat from the surrounding environment!
You feel very cold.
Fannar is frozen.
Fannar resists.
You draw a card...
You have drawn Wild Magic.
Freezing gases pour from Fannar's hands!
You feel a surge of magic.
Fannar glares icily.
You draw a card...
You have drawn Pain.
Press: ? - help, Shift-Dir - straight line, f - Fannar
Aim: Fannar, wielding a +0 quarterstaff of freezing, wearing a +2 robe of cold resistance and wearing an uncursed ring of ice (severely wounded, covered in an icy film) Fannar convulses!
Fannar gestures at you while chanting. The bolt of cold hits you!!!
Ouch! That really hurt!
You die...
Your body disappears without a glow.

#.......# #.......#
#.......# ....
#...%..(# .......
#.......# .......
##.......# ...$...
##........#
.......####..<...>..#
.......#.<(.(@.######
...........)....##
!................#
..##........%...#
#..........%...#
..o..#.....e.......##
.#.......)......%.#####
.#..#.......%#.###....#
......$....#....Y.....#


You could see Fannar.

Vanquished Creatures
  Gastronok (D:9)
  3 two-headed ogres
  Joseph (D:7)
  2 trolls
  Prince Ribbit (D:7)
  Grinder (D:6)
  2 hippogriffs
  A vampire (D:9)
  4 yaks
  A hungry ghost (D:5)
  Edmund (D:5)
  A water moccasin (D:7)
  Purgy (Sewer)
  5 orc warriors
  2 black bears
  An ice beast (D:8)
  3 slaves (D:7)
  2 necrophages
  2 phantoms
  5 ogres
  3 centaurs
  5 elf zombies (Ossuary)
  A big kobold (D:9)
  6 bullfrogs
  4 scorpions
  4 killer bees (D:8)
  4 wights
  2 howler monkeys
  A crimson imp (D:9)
  3 bullfrog zombies
  A jelly (D:9)
  3 quasits
  4 human zombies (Ossuary)
  4 centaur zombies
  4 hounds
  6 orc priests
  Crazy Yiuf (D:2)
  A bullfrog skeleton (D:4)
  A centaur skeleton (D:4)
  An iguana (D:8)
  Ijyb (D:3)
  8 orc wizards
  6 worker ants
  Natasha (twice) (D:3)
  A hound zombie (D:4)
  2 hound skeletons (D:4)
  3 mummies (Ossuary)
  3 worker ant zombies
  Robin (D:2)
  8 adders
  2 shadow imps
  2 oozes
  3 adder zombies
  3 worms
  3 dart slugs
  A leopard gecko (D:2)
  63 orcs
  2 ball pythons
  4 giant cockroaches
  8 goblins
  16 hobgoblins
  12 jackals
  3 quokkas
  3 bats
  4 frilled lizards
  2 jackal skeletons
  A jackal zombie (D:5)
  23 kobolds
  A leopard gecko skeleton (D:7)
  A quokka skeleton (D:7)
  4 quokka zombies
  7 rats
302 creatures vanquished.

Vanquished Creatures (collateral kills)
  Pikel (D:7)
  Sigmund (D:6)
  A hungry ghost (D:9)
  An ogre (D:8)
  3 wights
  2 orcs (D:9)
9 creatures vanquished.

Vanquished Creatures (others)
  A slave (D:7)
  A worker ant (D:10)
2 creatures vanquished.

Grand Total: 313 creatures vanquished

Notes
Turn   | Place    | Note
-------+----------+-------------------------------------------
     0 | D:1      | Lanoc the Octopode Enchanter began the quest for the Orb.
     0 | D:1      | Reached XP level 1. HP: 11/11 MP: 3/3
   353 | D:1      | Reached XP level 2. HP: 13/17 MP: 5/5
   396 | D:1      | Learned a level 2 spell: Ensorcelled Hibernation
  1003 | D:1      | Reached XP level 3. HP: 21/21 MP: 6/6
  1395 | D:2      | Learned a level 3 spell: Tukima's Dance
  1585 | D:2      | Found a faded altar of an unknown god.
  1611 | D:2      | Reached XP level 4. HP: 20/27 MP: 7/7
  1695 | D:2      | Became a worshipper of Nemelex Xobeh the Trickster
  1695 | D:2      | Received a gift from Nemelex Xobeh
  1695 | D:2      | Reached * piety under Nemelex Xobeh
  1844 | D:2      | Found a runed translucent door.
  1845 | D:2      | Noticed Crazy Yiuf
  1885 | D:2      | Found a stormy altar of Qazlal.
  1905 | D:2      | Reached skill level 5 in Stealth
  2132 | D:2      | Noticed Robin
  2144 | D:2      | Gained mutation: You are surrounded by a mild repulsion
                  | field. (EV +2) [potion of mutation]
  2144 | D:2      | Gained mutation: One of your tentacles bears a spike.
                  | [potion of mutation]
  2144 | D:2      | Gained mutation: You have a pair of small antennae on your
                  | head. [potion of mutation]
  2162 | D:2      | Killed Robin
  2163 | D:2      | Reached XP level 5. HP: 14/31 MP: 1/8
  2743 | D:2      | Killed Crazy Yiuf
  3003 | D:3      | Reached ** piety under Nemelex Xobeh
  3019 | D:3      | Noticed Ijyb
  3028 | D:3      | Killed Ijyb
  3177 | D:3      | Noticed Natasha
  3186 | D:3      | Killed Natasha
  3186 | D:3      | Reached XP level 6. HP: 27/36 MP: 8/10
  3388 | D:3      | Received a gift from Nemelex Xobeh
  3399 | D:3      | Noticed Natasha
  3404 | D:3      | Killed Natasha
  3610 | D:4      | Found a glowing drain.
  3620 | Sewer    | Entered a sewer
  3808 | Sewer    | Received a gift from Nemelex Xobeh
  3822 | Sewer    | Noticed Purgy
  3832 | Sewer    | Killed Purgy
  3832 | Sewer    | Reached skill level 6 in Stealth
  4059 | D:4      | Reached skill level 1 in Invocations
  4381 | D:4      | Got an ichor-stained hunting sling
  4399 | D:4      | Identified the +6 hunting sling of Xaer {venom, rF- rN+
                  | Str+3} (You found it on level 4 of the Dungeon)
  4414 | D:4      | Reached XP level 7. HP: 31/41 MP: 7/11
  5020 | D:5      | Entered Level 5 of the Dungeon
  5021 | D:5      | Reached *** piety under Nemelex Xobeh
  5049 | D:5      | Reached skill level 7 in Stealth
  5069 | D:5      | Found a staircase to the Ecumenical Temple.
  5120 | D:5      | Found a sand-covered staircase.
  5126 | D:5      | Found Bac Wihiu's Jewellery Shoppe.
  5129 | Ossuary  | Entered an ossuary
  5153 | Ossuary  | Reached skill level 5 in Hexes
  5176 | Ossuary  | Reached XP level 8. HP: 14/46 MP: 13/13
  5835 | Ossuary  | Reached skill level 8 in Stealth
  6527 | D:5      | Noticed Edmund
  6538 | D:5      | Killed Edmund
  6538 | D:5      | Reached skill level 5 in Short Blades
  6724 | D:5      | Reached XP level 9. HP: 51/51 MP: 14/14
  7042 | D:6      | Noticed Grinder
  7060 | D:6      | Noticed Sigmund
  7061 | D:6      | Reached skill level 9 in Stealth
  7063 | D:6      | Killed Sigmund
  7124 | D:6      | Found Duarunt's Jewellery Shoppe.
  7124 | D:6      | Received a gift from Nemelex Xobeh
  7317 | D:6      | Found an opulent altar of Gozag.
  7903 | D:6      | Killed Grinder
  8225 | D:7      | Received a gift from Nemelex Xobeh
  8239 | D:7      | Reached skill level 10 in Stealth
  8281 | D:7      | Reached **** piety under Nemelex Xobeh
  8326 | D:7      | Noticed Pikel
  8364 | D:7      | Noticed Prince Ribbit
  8366 | D:7      | Killed Pikel
  8366 | D:7      | Reached skill level 5 in Dodging
  8366 | D:7      | Reached XP level 10. HP: 45/56 MP: 5/17
  8381 | D:7      | Killed Prince Ribbit
  8715 | D:7      | Learned a level 3 spell: Dazzling Spray
  8745 | D:7      | Noticed Joseph
  8750 | D:7      | Found a runed translucent door.
  8750 | D:7      | Noticed Folque's ghost (novice DEAE)
  8752 | D:7      | Killed Joseph
  8810 | D:7      | Found Ymis's Jewellery Shoppe.
  8830 | D:7      | Found Lexzop's Distillery.
  8838 | D:7      | Bought a potion of heal wounds for 70 gold pieces
  8838 | D:7      | Bought a potion of brilliance for 56 gold pieces
  8838 | D:7      | Bought a potion of haste for 140 gold pieces
  8838 | D:7      | Bought a potion of curing for 42 gold pieces
  8846 | D:7      | Found Yfauc's Assorted Antiques.
  8849 | D:7      | Bought a scroll labeled KOOFAC OPTIEGHUAMP for 25 gold
                  | pieces
  9028 | D:7      | Received a gift from Nemelex Xobeh
  9450 | D:8      | Noticed a two-headed ogre
  9475 | D:8      | Killed a two-headed ogre
  9475 | D:8      | Reached skill level 11 in Stealth
  9475 | D:8      | Reached skill level 5 in Spellcasting
  9475 | D:8      | Reached skill level 5 in Invocations
  9941 | D:8      | Received a gift from Nemelex Xobeh
 10307 | D:9      | Noticed a two-headed ogre
 10371 | D:9      | Killed a two-headed ogre
 10371 | D:9      | Reached XP level 11. HP: 39/61 MP: 8/19
 11125 | D:9      | Noticed Gastronok
 11441 | D:9      | Killed Gastronok
 11441 | D:9      | Reached skill level 12 in Stealth
 11697 | D:9      | Found a roughly hewn altar of Beogh.
 12034 | D:10     | Entered Level 10 of the Dungeon
 12037 | D:10     | Received a gift from Nemelex Xobeh
 12588 | D:10     | Noticed Fannar
 12588 | D:10     | Noticed a two-headed ogre
 12599 | D:9      | Killed a two-headed ogre
 13296 | D:10     | Killed from afar by Fannar

Skill      XL: |  1  2  3  4  5  6  7  8  9 10 11 |
---------------+----------------------------------+-----
Short Blades   | 2 3 4 5 6 8 |  8.9
Stealth        | 5 6 7 8 10 11 12 | 12.8
Hexes          | 4 5 6 7 8 9 |  9.4
Spellcasting   | 3 4 5 6 |  6.0
Invocations    | 1 2 3 4 5 6 |  6.3
Dodging        | 3 4 5 6 |  6.5

Action                   |  1- 3 |  4- 6 |  7- 9 | 10-12 || total
-------------------------+-------+-------+-------+-------++-------
Melee: Dagger            |    69 |   148 |    46 |   328 ||   591
       Constrict         |    16 |    39 |    38 |    50 ||   143
       Tentacles         |    16 |    33 |    40 |    67 ||   156
       Kick              |       |    21 |    83 |    89 ||   193
       Unarmed           |       |     8 |       |       ||     8
       Rapier            |       |    41 |   223 |    13 ||   277
 Cast: Ensorcelled Hiber |     1 |     6 |    29 |    65 ||   101
       Tukima's Dance    |       |     4 |    10 |    10 ||    24
       Dazzling Spray    |       |       |       |     4 ||     4
 Abil: Draw Destruction  |       |       |       |    10 ||    10
  Use: Scroll            |       |     4 |    13 |    11 ||    28
       Potion            |       |     4 |     4 |     3 ||    11
 Stab: Sleeping          |     8 |    13 |    32 |    58 ||   111
       Confused          |       |     2 |       |       ||     2
       Distracted        |       |       |     2 |     2 ||     4
  Eat: Chunk             |     2 |    10 |    11 |    17 ||    40
       Ration            |       |       |     1 |       ||     1
Armor: Skin              |     5 |    61 |     4 |    11 ||    81
Dodge: Dodged            |    45 |   118 |   133 |   238 ||   534
